 Dungeon Sprint DCSS version 0.19-a0-607-g42021f0 (webtiles) character file.

1000000 gallo the Impregnable (level 14, -13/162 HPs)
             Began as a Minotaur Fighter on June 12, 2016.
             Mangled by a bag of meat
             ... wielding a +9 war axe
              (33 damage)
             ... in the Dungeon (Sprint VIII: "Arena of Blood").
             The game lasted 00:01:18 (10 turns).

gallo the Impregnable (Minotaur Fighter)              Turns: 10, Time: 00:01:19

Health: -13/162    AC: 12    Str: 20    XL:     14   Next: 76%
Magic:  13/13      EV: 10    Int:  5    God:
Gold:   0          SH:  0    Dex: 16    Spells: 0 memorised, 13 levels left

rFire  . . .     SeeInvis .     k - +∞ Axe of Woe
rCold  . . .     Gourm    .     a - +0 scale mail
rNeg   . . .     Faith    .     (shield currently unavailable)
rPois  .         Spirit   .     (helmet restricted)
rElec  .         Dismiss  .     (no cloak)
rCorr  .         Reflect  .     (no gloves)
SustAt .         Harm     .     (no boots)
MR     +....     NoTele   +     (no amulet)
Stlth  ..........               (no ring)
                                (no ring)

@: somewhat resistant to hostile enchantments, extremely unstealthy
A: retaliatory headbutt, horns 2
a: no special abilities


You were in the Dungeon.
You were not hungry.

You visited 1 branch

Inventory:

Hand Weapons
 k - the +∞ Axe of Woe (weapon)
   (You found it in the Dungeon)
Armour
 a - a +0 scale mail (worn)
 b - a +0 shield
Scrolls
 j - a scroll of blinking
Potions
 c - a potion of might
 e - a potion of curing
 f - a potion of heal wounds
 g - a potion of haste
 h - 2 potions of magic
 i - a potion of berserk rage
Comestibles
 d - a bread ration


   Skills:
 + Level 25.2 Fighting
 + Level 5.5 Axes
 + Level 25.4 Armour
 + Level 25.0 Shields
 + Level 13.3 Unarmed Combat


You had 13 spell levels left.
You didn't know any spells.

Dungeon Overview and Level Annotations

Branches:
Dungeon (1/1)

Altars:
Makhleb


Innate Abilities, Weirdness & Mutations

You reflexively headbutt those who attack you in melee.
You have a pair of horns on your head.


Message History

Your Axes skill increases to level 4!
Your Armour skill gained 2 levels and is now at level 24!
Your Shields skill increases to level 23!
You have reached level 14!
You slice the bag of meat!!
You butcher the bag of meat messily.
You kill the bag of meat!
Your Fighting skill increases to level 25!
Your Axes skill increases to level 5!
Your Armour skill increases to level 25!
Your Shields skill gained 2 levels and is now at level 25!
Your Unarmed Combat skill increases to level 13!
You hear a shout! x9
The meat berserker hits you with a +9 battleaxe!!!
* * * LOW HITPOINT WARNING * * *
The bag of meat moves out of view.
You hear a shout!
The meat berserker rages.
You hear a shout! x3
The bag of meat hits you with a +9 war axe!!
You die...

.. .. #.. ..#
#.. ..# .###..
..###.
......###......
....._.o...
#.....# #_.oo_#
#.o@).#
....O.O_)......
......###......
.###.. ..###.
#.. ..# #o .#
.. .. oo ..


You could see 2 meat berserkers and 7 bags of meat.

Vanquished Creatures
  5 orcs (D)
5 creatures vanquished.

Notes
Turn   | Place    | Note
--------------------------------------------------------------
     0 | D        | gallo the Minotaur Fighter began the quest for the Orb.
     0 | D        | Reached XP level 1. HP: 19/19 MP: 0/0
     2 | D        | Noticed a bag of meat
     2 | D        | Noticed a bag of meat
     3 | D        | Noticed a bag of meat
     4 | D        | Noticed a bag of meat
     5 | D        | Noticed a bag of meat
     5 | D        | Noticed a bag of meat
     5 | D        | Noticed a bag of meat
     6 | D        | Noticed a bag of meat
     7 | D        | Noticed a bag of meat
     8 | D        | Killed a bag of meat
     8 | D        | Reached XP level 2. HP: 53/53 MP: 1/1
     8 | D        | Reached XP level 3. HP: 60/60 MP: 2/2
     8 | D        | Reached XP level 4. HP: 69/69 MP: 3/3
     8 | D        | Reached XP level 5. HP: 75/75 MP: 4/4
     8 | D        | Reached XP level 6. HP: 83/83 MP: 5/5
     8 | D        | Reached XP level 7. HP: 91/91 MP: 6/6
     8 | D        | Reached XP level 8. HP: 99/99 MP: 7/7
     8 | D        | Reached XP level 9. HP: 105/105 MP: 8/8
     8 | D        | Reached XP level 10. HP: 114/114 MP: 9/9
     8 | D        | Reached XP level 11. HP: 121/121 MP: 10/10
     9 | D        | Noticed a meat berserker
     9 | D        | Killed a bag of meat
     9 | D        | Reached skill level 1 in Axes
     9 | D        | Reached XP level 12. HP: 136/136 MP: 11/11
    10 | D        | Noticed a bag of meat
    10 | D        | Noticed a meat berserker
    10 | D        | Noticed a bag of meat
    10 | D        | Killed a bag of meat
    10 | D        | Reached XP level 13. HP: 67/146 MP: 12/12
    10 | D        | Killed a bag of meat
    10 | D        | Reached XP level 14. HP: 73/159 MP: 13/13
    10 | D        | Killed a bag of meat
    10 | D        | Reached skill level 5 in Axes
    10 | D        | Mangled by a bag of meat

Vault maps used:
D:        meatsprint

Skill      XL: |  1  2  3  4  5  6  7  8  9 10 11 12 13 14 |
---------------+-------------------------------------------+-----
Fighting       | 18 21 22 24 25 | 25.2
Armour         | 18 21 22 24 25 | 25.4
Shields        | 18 20 22 23 25 | 25.0
Unarmed Combat | 9 11 12 13 | 13.3
Axes           | 1 3 4 5 |  5.5

Action                   |  1- 3 |  4- 6 |  7- 9 | 10-12 | 13-15 || total
-------------------------+-------+-------+-------+-------+-------++-------
Melee: Executioner's axe |     1 |       |       |     2 |       ||     3
Dodge: Dodged            |       |       |       |     1 |       ||     1
